 Dungeon Crawl Stone Soup version 0.22.1-2-g9c5b331383 (webtiles) character file.

112 H0rd4k the Charlatan (level 5, -1/37 HPs)
             Began as a Human Artificer on Dec 12, 2018.
             Slain by a gnoll
             ... wielding a +0 spear
              (12 damage)
             ... on level 3 of the Dungeon.
             The game lasted 00:04:55 (2389 turns).

H0rd4k the Charlatan (Human Artificer)              Turns: 2389, Time: 00:04:55

Health: -1/37      AC: 10    Str: 10 (13) XL:     5   Next: 16%
Magic:  7/7        EV: 12    Int: 13 (14) God:
Gold:   92         SH:  0    Dex: 13      Spells: 4/4 levels left

rFire    . . .     SeeInvis .   u - +1 dagger (protect)
rCold    . . .     Gourm    .   (no shield)
rNeg     . . .     Faith    .   b - +0 leather armour
rPois    +         Spirit   .   (no helmet)
rElec    .         Reflect  .   (no cloak)
rCorr    .         Harm     +   (no gloves)
MR       .....                  (no boots)
Stlth    +.........             j - amulet of harm
HPRegen  0.12/turn              k - ring of poison resistance
MPRegen  0.10/turn              n - +2 ring of intelligence

@: protection aura
A: no striking features
a: no special abilities


You were on level 3 of the Dungeon.
You were not hungry.

You visited 1 branch of the dungeon, and saw 4 of its levels.

You collected 92 gold pieces.

Inventory:

Hand Weapons
 a - a +0 short sword
 h - a +3 dagger
 u - a +1 dagger of protection (weapon)
Missiles
 l - 28 bolts
 q - 20 poisoned needles
 t - 23 arrows
Armour
 b - a +0 leather armour (worn)
Jewellery
 j - an amulet of harm (around neck)
 k - a ring of poison resistance (left hand)
 n - a +2 ring of intelligence (right hand)
Wands
 c - a wand of flame (11)
 d - a wand of enslavement (12)
 e - a wand of random effects (13)
Scrolls
 i - 2 scrolls of remove curse {unknown}
 m - a scroll of fear {unknown}
 o - a scroll of identify {unknown}
 p - 2 scrolls of enchant weapon {unknown}
Potions
 g - a potion of degeneration
 r - a potion of berserk rage {unknown}
 s - a potion of haste {unknown}
Comestibles
 f - 6 rations


   Skills:
 + Level 1.3 Fighting
 + Level 2.2 Short Blades
 + Level 1.6 Armour
 + Level 2.6 Dodging
 + Level 1.2 Stealth
 + Level 3.9 Evocations


You had 4 spell levels left.
You didn't know any spells.
Your spell library was empty.

Dungeon Overview and Level Annotations

Branches:
Dungeon (4/15)
 Temple: D:4-7

Altars:
Dithmenos
Okawaru
Trog
Yredelemnul

Annotations:
D:3 exclusion: killer bee


Message History

You barely miss the gnoll.
The gnoll is moderately wounded.
The gnoll barely misses you.
You hit the gnoll but do no damage.
The gnoll is moderately wounded.
The gnoll hits you but does no damage.
You barely miss the gnoll.
The gnoll is moderately wounded.
The gnoll hits you with a spear!
* * * LOW HITPOINT WARNING * * *
You barely miss the gnoll.
The gnoll is moderately wounded.
The gnoll barely misses you.
You closely miss the gnoll.
The gnoll is moderately wounded.
The gnoll hits you but does no damage.
You barely miss the gnoll.
The gnoll is moderately wounded.
The gnoll hits you with a spear!
You die...

#.# #.# #............. #.# #.###
# #...######..## #.# #.#.#
#.##...######.... #.# #.#.#
#..............##
####)####.#.########...#.####...
.....................g.........##
####)####...#.#######.########.#
#.# ###.#.#######.# ###
#.######.#...@g....#
#........#.######### ##########.#
###


You could see a gnoll.

Vanquished Creatures
  A hound (D:3)
  An adder (D:3)
  2 gnolls
  An ooze (D:1)
  2 dart slugs
  3 orcs (D:3)
  A ball python (D:1)
  3 giant cockroaches
  5 goblins
  4 hobgoblins
  2 jackals (D:3)
  6 kobolds
  A quokka (D:2)
  3 bats
  2 frilled lizards
  A quokka zombie (D:3)
  8 rats
46 creatures vanquished.

Notes
Turn   | Place    | Note
-------+----------+-------------------------------------------
     0 | D:1      | H0rd4k the Human Artificer began the quest for the Orb.
     0 | D:1      | Reached XP level 1. HP: 15/15 MP: 3/3
    15 | D:1      | Reached XP level 2. HP: 9/21 MP: 4/4
    93 | D:1      | Reached XP level 3. HP: 12/26 MP: 5/5
  1389 | D:3      | Noticed a killer bee
  1389 | D:3      | Noticed a killer bee
  1389 | D:3      | Noticed a killer bee
  1389 | D:3      | Noticed a killer bee
  1493 | D:3      | Reached XP level 4. HP: 18/32 MP: 6/6
  1609 | D:3      | Reached skill level 1 in Armour
  1831 | D:3      | Found an iron altar of Okawaru.
  1885 | D:3      | Reached XP level 5. HP: 13/37 MP: 7/7
  2252 | D:4      | Found a bloodstained altar of Trog.
  2265 | D:4      | Found a shadowy altar of Dithmenos.
  2266 | D:4      | Found a basalt altar of Yredelemnul.
  2389 | D:3      | Slain by a gnoll

Skill      XL: |  1  2  3  4 |
---------------+-------------+-----
Armour         | 1 |  1.6
Short Blades   | 2 |  2.2
Fighting       | |  1.3
Dodging        | |  2.6
Stealth        | |  1.2
Evocations     | |  3.9

Action                   |  1- 3 |  4- 6 || total
-------------------------+-------+-------++-------
Melee: Short sword       |    83 |       ||    83
       Dagger            |    12 |   122 ||   134
Evoke: Wand              |     5 |     4 ||     9
  Use: Potion            |     3 |       ||     3
 Stab: Sleeping          |     1 |       ||     1
  Eat: Chunk             |     1 |     4 ||     5
Armor: Leather armour    |    20 |    32 ||    52
Dodge: Dodged            |    51 |    75 ||   126
